 Dungeon Crawl Stone Soup version 0.20.0 (webtiles) character file.

583 aesoa the Fighter (level 7, -7/55 HPs)
             Began as an Octopode Monk on June 18, 2017.
             Mangled by aesoa's ghost (9 damage)
             ... on level 4 of the Dungeon.
             The game lasted 00:13:29 (3060 turns).

aesoa the Fighter (Octopode Monk)                   Turns: 3060, Time: 00:13:30

Health: -7/55      AC:  1    Str: 11    XL:     7   Next: 37%
Magic:  7/7        EV: 14    Int: 12    God:
Gold:   147        SH:  0    Dex: 16    Spells: 6/6 levels left

rFire    + . .     SeeInvis .   a - +0 falchion
rCold    + . .     Gourm    .   (no shield)
rNeg     . . .     Faith    .   (helmet restricted)
rPois    .         Spirit   .   g - amulet of regeneration
rElec    .         Reflect  .   h - ring of resist corrosion
rCorr    +         Harm     .   n - ring of protection from fire
MR       .....                  (no ring)
Stlth    +++.......             (no ring)
Regen    0.6/turn               (no ring)
MPRegen  0.1/turn               (no ring)
                                (no ring)
                                (no ring)

@: no status effects
A: almost no armour, stealthy swim, amphibious, 8 rings, constrict 8, camouflage
1, cold resistance 1, wild magic 1, gelatinous body 1
a: no special abilities


You were on level 4 of the Dungeon.
You were not hungry.

You visited 1 branch of the dungeon, and saw 4 of its levels.

You collected 147 gold pieces.

Inventory:

Hand Weapons
 a - a +0 falchion (weapon)
Missiles
 l - 2 javelins (quivered)
 r - 12 bolts
Jewellery
 g - an amulet of regeneration (around mantle)
 h - a ring of resist corrosion (left tentacle)
 n - a ring of protection from fire (right tentacle)
Wands
 s - a wand of paralysis (9/24)
 t - a wand of lightning (10/15)
Scrolls
 d - a scroll of blinking {unknown}
 e - a scroll of teleportation {unknown}
 i - 4 scrolls of remove curse
 q - 2 scrolls of random uselessness {unknown}
 w - 2 scrolls of enchant armour {unknown}
Potions
 c - a potion of agility
 j - 2 potions of brilliance
 k - a potion of mutation
 m - a potion of invisibility
 p - a potion of flight {unknown}
 u - a potion of magic {unknown}
Comestibles
 b - 6 bread rations
 f - 2 royal jellies
 o - a meat ration
 v - 4 chunks of flesh


   Skills:
 + Level 8.3 Fighting
 - Level 3.0 Long Blades
 - Level 3.0 Dodging
 - Level 2.6 Stealth


You had 6 spell levels left.
You didn't know any spells.

Dungeon Overview and Level Annotations

Branches:
Dungeon (4/15)
 Temple: D:4-7

Altars:
Gozag
Nemelex Xobeh
Trog
Yredelemnul

Shops:
D:4 *

Annotations:
D:4 aesoa's ghost, amateur OpHu


Innate Abilities, Weirdness & Mutations

You cannot wear most types of armour.
You are very stealthy in the water. (Stealth+)
You are amphibious.
You can wear up to eight rings at the same time.
You can use your tentacles to constrict eight enemies at once.
Your skin changes colour to match your surroundings (Stealth+).
Your rubbery body absorbs attacks. (AC +1, EV +1)
Your flesh is cold resistant. (rC+)
Your spells are a little harder to cast, but a little more powerful.


Message History

Aesoa's ghost hits you.
You closely miss aesoa's ghost.
Aesoa's ghost is heavily damaged.
Aesoa's ghost misses you.
You riposte.
You hit aesoa's ghost. You squeeze aesoa's ghost.
Aesoa's ghost is severely damaged.
You miss aesoa's ghost.
Aesoa's ghost is severely damaged.
Aesoa's ghost hits you.
You barely miss aesoa's ghost. You squeeze aesoa's ghost!
Aesoa's ghost is almost destroyed.
Aesoa's ghost hits you!
* * * LOW HITPOINT WARNING * * *
Aesoa's ghost hits you!
* * * LOW HITPOINT WARNING * * *
It was a potion of mutation.
You feel extremely strange.
You feel less in control of your magic.
You feel resistant to cold.
Aesoa's ghost whispers, "There is no future for you."
Aesoa's ghost hits you!
You die...

#####...............#######...
####..#......##.............#
.................################
...#####..#.......# #.......$#
....####..........####........###
#..............................._
... ..#...........####........#
.# #...#.......W.# #........#
#####..........)@.#############
.........................
#####...#.#.#####...#..>.
..##..##g.#.# ##.........
...ggg)..#..###..####....
..#..#####.###..## .... ....##
###.#...## ... ..### #.....### .
..# #.....#


You could see aesoa's ghost.

Vanquished Creatures
  Sigmund (D:3)
  A centaur (D:3)
  A centaur skeleton (D:4)
  An orc priest (D:3)
  2 iguanas (D:4)
  An orc wizard (D:3)
  Terence (D:2)
  A worker ant (D:4)
  Robin (D:3)
  A gnoll (D:1)
  6 adders
  A dart slug (D:1)
  A leopard gecko (D:3)
  10 orcs (D:3)
  5 bats
  5 giant cockroaches
  15 goblins
  8 hobgoblins
  3 jackals (D:4)
  A quokka (D:3)
  3 ball pythons
  2 frilled lizards
  2 gnoll zombies (D:4)
  4 kobolds
  A quokka skeleton (D:4)
  10 rats
88 creatures vanquished.

Notes
Turn   | Place    | Note
-------+----------+-------------------------------------------
     0 | D:1      | aesoa the Octopode Monk began the quest for the Orb.
     0 | D:1      | Reached XP level 1. HP: 16/16 MP: 1/1
   253 | D:1      | Reached XP level 2. HP: 21/21 MP: 2/2
   319 | D:1      | Reached skill level 4 in Fighting
   469 | D:1      | Reached XP level 3. HP: 27/27 MP: 3/3
  1070 | D:2      | Found a bloodstained altar of Trog.
  1168 | D:2      | Reached XP level 4. HP: 34/34 MP: 4/4
  1293 | D:2      | Found a sparkling altar of Nemelex Xobeh.
  1296 | D:2      | Noticed Terence
  1307 | D:2      | Killed Terence
  1307 | D:2      | Reached skill level 5 in Fighting
  1710 | D:3      | Noticed Sigmund
  1714 | D:3      | Reached XP level 5. HP: 34/41 MP: 5/5
  1750 | D:3      | Killed Sigmund
  1750 | D:3      | Reached skill level 6 in Fighting
  1750 | D:3      | Reached XP level 6. HP: 22/47 MP: 6/6
  1915 | D:3      | Reached skill level 7 in Fighting
  2261 | D:3      | Found an opulent altar of Gozag.
  2540 | D:3      | Reached XP level 7. HP: 48/54 MP: 7/7
  2698 | D:4      | Found Exzov's Assorted Antiques.
  2726 | D:4      | Reached skill level 8 in Fighting
  2885 | D:4      | Noticed Robin
  2904 | D:4      | Noticed aesoa's ghost (amateur OpHu)
  2933 | D:3      | Killed Robin
  3032 | D:4      | Found a basalt altar of Yredelemnul.
  3059 | D:4      | HP: 1/55 [aesoa's ghost (10)]
  3060 | D:4      | Gained mutation: Your spells are a little harder to cast, but a little more powerful. [potion of mutation]
  3060 | D:4      | Gained mutation: Your flesh is cold resistant. (rC+) [potion of mutation]
  3060 | D:4      | Mangled by aesoa's ghost

Skill      XL: |  1  2  3  4  5  6  7 |
---------------+----------------------+-----
Fighting       | 4 5 6 7 8 |  8.3
Long Blades    | |  3.0
Dodging        | |  3.0
Stealth        | |  2.6

Action                   |  1- 3 |  4- 6 |  7- 9 || total
-------------------------+-------+-------+-------++-------
Melee: Falchion          |    48 |    90 |    65 ||   203
       Constrict         |    15 |    28 |    18 ||    61
       Tentacles         |    10 |    22 |    26 ||    58
Throw: Javelin           |       |       |     2 ||     2
  Use: Potion            |       |     2 |     1 ||     3
       Scroll            |       |     3 |     1 ||     4
 Stab: Sleeping          |     9 |     8 |     3 ||    20
  Eat: Chunk             |       |     5 |     2 ||     7
Armor: Skin              |     2 |     5 |     2 ||     9
Dodge: Dodged            |    38 |    77 |    40 ||   155
       Rpst.: Falchion   |    12 |    19 |    10 ||    41
